 Dungeon Crawl Stone Soup version 0.31-a0-702-gf82c85558f (webtiles) character file.

Game seed: 13686933627167238723

680 qw the Skirmisher (level 7, -5/43 HPs)
             Began as a Gargoyle Hunter on Sept 8, 2023.
             Killed from afar by a starcursed mass (14 damage)
             ... with an accursed screaming
             ... on level 1 of the Abyss.
             The game lasted 00:01:31 (3037 turns).

qw the Skirmisher (Gargoyle Hunter)                 Turns: 3037, Time: 00:01:32

Health: -5/43      AC: 12    Str: 14 (15) XL:     7   Next: 60%
Magic:  7/7        EV: 12    Int:  9      God:
Gold:   270        SH:  0    Dex: 15      Spells: 6/6 levels left

rFire   . . .        h - +0 shortbow (heavy)
rCold   . . .        (shield currently unavailable)
rNeg    + . .        l - +2 robe {Will+}
rPois   inf          c - +2 hat
rElec   +            (no cloak)
rCorr   .            f - +0 pair of gloves
SInv    .            a - +0 pair of boots
Will    +....        b - amulet of regeneration
Stlth   ++           (no ring)
HPRegen 1.07/turn    (no ring)
MPRegen 0.10/turn

%: no passive effects
@: no status effects
A: sickness immunity, AC +4, negative energy resistance 1, electricity
resistance, torment resistance 1, petrification resistance
a: no special abilities


You were on level 1 of the Abyss.
You visited 1 branch of the dungeon, and saw 5 of its levels.
You visited the Abyss 1 time.

You collected 270 gold pieces.


Innate Abilities, Weirdness & Mutations

You are immune to sickness and miasma.
Your stone body is resilient. (AC +4)
You are immune to poison.
You resist negative energy. (rN+)
You are resistant to electric shocks. (rElec)
You are resistant to unholy torment.
You are immune to petrification.


   Skills:
 + Level 4.1 Fighting
 - Level 8.1 Ranged Weapons
 - Level 1.0 Armour
 - Level 2.3 Dodging
 - Level 1.1 Stealth


You had 6 spell levels left.
You didn't know any spells.
Your spell library was empty.

Inventory:

Hand Weapons
 h - a +0 heavy shortbow (weapon)
Armour
 a - a +0 pair of boots (worn)
 c - a +2 hat (worn)
 f - a +0 pair of gloves (worn)
 l - a +2 robe of willpower (worn)
Jewellery
 b - an amulet of regeneration (around neck)
Scrolls
 e - 2 scrolls of identify
Potions
 d - a potion of enlightenment
 i - a potion of heal wounds

Dungeon Overview and Level Annotations

Branches:
Dungeon (5/15)
 Temple: D:4-7

Altars:
Trog

Shops:
D:2 (


Message History

A deafening chorus of shrieks assaults your mind!
You suddenly lose the ability to move!
The starcursed mass touches you.
A starcursed mass comes into view.
You can move again.
You shoot an arrow. The arrow hits the starcursed mass!
The starcursed mass is heavily damaged.
The starcursed mass shudders and is absorbed by its neighbour.
The starcursed mass barely misses you.
A starcursed mass splits.
The starcursed mass touches you.
You shoot an arrow.
The arrow hits the starcursed mass but does no damage.
The starcursed mass is moderately damaged.
The starcursed mass completely misses you.
The starcursed mass touches you.
A deafening chorus of shrieks assaults your mind!
3033 ||| DRINKING 2 potions of heal wounds.
You feel much better. The starcursed mass barely misses you.
The starcursed mass touches you but does no damage.
A deafening chorus of shrieks assaults your mind!
You suddenly lose the ability to move!
You can move again.
You shoot an arrow. The arrow hits the starcursed mass.
The starcursed mass is heavily damaged.
The starcursed mass shudders and is absorbed by its neighbour.
The starcursed mass barely misses you. The starcursed mass touches you!
You shoot an arrow.
The arrow hits the starcursed mass but does no damage.
The starcursed mass is moderately damaged.
A starcursed mass splits. x2; The starcursed mass touches you.
You shoot an arrow. The arrow hits the starcursed mass.
The starcursed mass is moderately damaged.
The starcursed mass shudders and is absorbed by its neighbour.
The starcursed mass touches you.
You shoot an arrow.
The arrow hits the starcursed mass but does no damage.
The starcursed mass is moderately damaged.
The starcursed mass touches you. The starcursed mass closely misses you.
A deafening chorus of shrieks assaults your mind!
You die... .# .. ... .. ... #.##.#.... .....#.. #..# . .... ...# . #. ...#....... .. #..#.##.#.. .X. . #...# ..###X.# . #XX.X

##X#.....#
#X##xX.X. .X...#
#@#.#.#.. . ..#
##X#..... . .#
#.#XX.........#
#. #x.. . ##..
...#...#.......#
##. . ...#..#..#
#.#..##'.......
. # ....##.#.
.... .... . .


You could see 6 starcursed masses and a small abomination.

Vanquished Creatures
  A black bear (D:4)
  An ogre (D:4)
  A scorpion (D:4)
  A hound (D:5)
  An orc priest (D:3)
  A sleepcap (D:5)
  3 orc wizards
  11 gnolls
  6 adders
  4 worms
  A dart slug (D:2)
  14 orcs
  5 endoplasms
  4 giant cockroaches
  9 hobgoblins
  4 kobolds
  5 quokkas
  14 ball pythons
  10 bats
  A frilled lizard (D:2)
  9 goblins
  7 rats
113 creatures vanquished.

Notes
Turn   | Place    | Note
-------+----------+-------------------------------------------
     0 | D:1      | qw the Gargoyle Hunter began the quest for the Orb.
     0 | D:1      | Reached XP level 1. HP: 12/12 MP: 1/1
     0 | D:1      | 0 ||| qw: Version: 0.3-a-76-g4403597
     0 | D:1      | 0 ||| qw: Game counter: 1014
     0 | D:1      | 0 ||| qw: Melee chars always use a shield: true
     0 | D:1      | 0 ||| qw: God list: Okawaru
     0 | D:1      | 0 ||| qw: Allow faded altars: false
     0 | D:1      | 0 ||| qw: Do Orc after clearing Dungeon:15 true
     0 | D:1      | 0 ||| qw: Do second Lair branch before Depths: true
     0 | D:1      | 0 ||| qw: Lair rune preference: random
     0 | D:1      | 0 ||| qw: Goals: Normal
     0 | D:1      | 0 ||| PLANNING D:1-11
   298 | D:1      | Reached XP level 2. HP: 17/17 MP: 2/2
   299 | D:1      | Noticed a floating eye
   301 | D:1      | Found a faded altar of an unknown god.
   303 | D:1      | Noticed a great orb of eyes
   303 | D:1      | Noticed a great orb of eyes
   303 | D:1      | Noticed a floating eye
   727 | D:1      | Reached XP level 3. HP: 21/21 MP: 3/3
   866 | D:1      | Reached skill level 5 in Ranged Weapons
   891 | D:1      | 891 ||| READING scroll labelled QUPLE NILEURU.
   892 | D:1      | 892 ||| READING scroll labelled JUDEMI WIEQAOPS.
   893 | D:1      | 893 ||| READING scroll labelled WAETAM MOASIAM.
   894 | D:1      | 894 ||| READING scroll labelled VERISONISS.
   895 | D:1      | 895 ||| DROPPING scroll of butterflies.
   962 | D:2      | Found Adateutz's Antique Weapon Emporium.
   967 | D:2      | 967 ||| SHOPLISTING arbalest (139 gold, have 38).
  1065 | D:2      | Found a bloodstained altar of Trog.
  1181 | D:2      | Reached skill level 3 in Fighting
  1182 | D:2      | Reached XP level 4. HP: 28/28 MP: 4/4
  1490 | D:2      | 1490 ||| UPGRADING to +0 ring mail.
  1500 | D:2      | 1500 ||| DROPPING +0 leather armour.
  1501 | D:2      | 1501 ||| UPGRADING to amulet of regeneration.
  1506 | D:2      | 1506 ||| READING scroll labelled MUSCHA JAXAGHU.
  1507 | D:2      | 1507 ||| READING scroll labelled TERANOAXEJ.
  1508 | D:2      | 1508 ||| DRINKING 2 golden potions.
  1509 | D:2      | 1509 ||| DRINKING 5 lumpy white potions.
  1600 | D:3      | 1600 ||| Stepping ~*~*~tactically~*~*~ (outnumbered).
  1602 | D:3      | 1602 ||| Stepping ~*~*~tactically~*~*~ (outnumbered).
  1606 | D:3      | Reached skill level 1 in Armour
  1772 | D:3      | 1772 ||| FLEEEEING.
  1777 | D:3      | Reached XP level 5. HP: 14/32 MP: 5/5
  1777 | D:3      | HP: 8/32 [orc/+1 whip of electrocution (3)]
  1778 | D:3      | 1778 ||| DRINKING 5 potions of heal wounds.
  1784 | D:3      | Reached skill level 6 in Ranged Weapons
  1870 | D:3      | Paralysed by a gnoll for 4 turns
  2214 | D:3      | 2214 ||| UPGRADING to +2 hat.
  2219 | D:3      | 2219 ||| UPGRADING to +2 robe of willpower.
  2229 | D:3      | 2229 ||| DROPPING +0 ring mail.
  2230 | D:3      | 2230 ||| READING 2 scrolls labelled LUZIS DAEWOGEIRCH.
  2235 | D:3      | 2235 ||| READING scroll labelled HYREORREES.
  2236 | D:3      | 2236 ||| DRINKING 2 lumpy brown potions.
  2237 | D:3      | 2237 ||| READING 2 scrolls of identify.
  2237 | D:3      | 2237 ||| IDENTIFYING bubbling clear potion
  2238 | D:3      | 2238 ||| DROPPING potion of lignification.
  2239 | D:3      | 2239 ||| DROPPING potion of degeneration.
  2264 | D:4      | Reached XP level 6. HP: 33/38 MP: 6/6
  2394 | D:4      | HP: 9/38 [orc/+4 mace (3)]
  2395 | D:4      | 2395 ||| READING scroll of teleportation.
  2396 | D:4      | 2396 ||| DRINKING 5 potions of heal wounds.
  2515 | D:4      | Noticed a black bear
  2518 | D:4      | Killed a black bear
  2519 | D:4      | Reached skill level 7 in Ranged Weapons
  2519 | D:4      | Reached XP level 7. HP: 43/43 MP: 7/7
  2742 | D:4      | 2742 ||| Stepping ~*~*~tactically~*~*~ (outnumbered).
  2746 | D:4      | 2746 ||| Stepping ~*~*~tactically~*~*~ (outnumbered).
  2749 | D:4      | 2749 ||| Stepping ~*~*~tactically~*~*~ (outnumbered).
  2911 | D:4      | 2911 ||| UPGRADING to +0 pair of boots.
  2916 | D:4      | 2916 ||| UPGRADING to +0 pair of gloves.
  2935 | D:5      | Entered Level 5 of the Dungeon
  2974 | D:5      | 2974 ||| Stepping ~*~*~tactically~*~*~ (outnumbered).
  2982 | D:5      | Reached skill level 8 in Ranged Weapons
  2997 | Abyss:1  | Cast into level 1 of the Abyss (orc wizard)
  3000 | Abyss:1  | Noticed a starcursed mass
  3009 | Abyss:1  | 3009 ||| Stepping ~*~*~tactically~*~*~ (outnumbered).
  3010 | Abyss:1  | 3010 ||| RETREATING.
  3011 | Abyss:1  | HP: 2/43 [starcursed mass/accursed screaming (10)]
  3012 | Abyss:1  | 3012 ||| DRINKING 4 potions of heal wounds.
  3013 | Abyss:1  | 3013 ||| DRINKING 3 potions of heal wounds.
  3014 | Abyss:1  | 3014 ||| Stepping ~*~*~tactically~*~*~ (outnumbered).
  3018 | Abyss:1  | 3018 ||| Stepping ~*~*~tactically~*~*~ (retreating).
  3019 | Abyss:1  | 3019 ||| Stepping ~*~*~tactically~*~*~ (retreating).
  3021 | Abyss:1  | 3021 ||| Stepping ~*~*~tactically~*~*~ (outnumbered).
  3022 | Abyss:1  | 3022 ||| Stepping ~*~*~tactically~*~*~ (retreating).
  3023 | Abyss:1  | 3023 ||| Stepping ~*~*~tactically~*~*~ (retreating).
  3024 | Abyss:1  | 3024 ||| RETREATING.
  3027 | Abyss:1  | 3027 ||| Stepping ~*~*~tactically~*~*~ (outnumbered).
  3030 | Abyss:1  | Paralysed by accursed screaming for 1 turns
  3030 | Abyss:1  | Noticed a starcursed mass
  3032 | Abyss:1  | HP: 4/43 [starcursed mass/accursed screaming (7)]
  3033 | Abyss:1  | 3033 ||| DRINKING 2 potions of heal wounds.
  3033 | Abyss:1  | Paralysed by accursed screaming for 1 turns
  3037 | Abyss:1  | HP: 9/43 [starcursed mass (3)]
  3037 | Abyss:1  | Killed from afar by a starcursed mass

Levels and vault maps discovered:
D:1:      moated_graveyard_arrival, layout_loops_corners,
          hellmonk_ecumenical_altar_watching_god, ebering_dispersal_statue_hall,
          kennysheep_pointless_box
D:2:      layout_basic, basic_altar, serial_shops, nicolae_shop_hallway_stairs,
          minmay_hexomino_p4
D:3:      layout_basic, kennysheep_cross_room
D:4:      layout_loops_ring, dreamdust_wishing_well
D:5:      layout_basic, minmay_temple_entry_arrows, serial_shops, shop,
          serial_corexii_hall, corexii_hall_statues_t, corexii_hall_statues_i,
          kb_lookout_dungeons_type
Abyss:1:  base:
Temple

Skill      XL: |  1  2  3  4  5  6  7 |
---------------+----------------------+-----
Ranged Weapons | 5 6 7 8 |  8.1
Fighting       | 3 4 |  4.1
Armour         | 1 |  1.0
Dodging        | 2 |  2.3
Stealth        | |  1.1

Action                     |  1- 3 |  4- 6 |  7- 9 || total
---------------------------+-------+-------+-------++-------
   Fire: Shortbow          |   128 |   132 |   114 ||   374
    Use: Scroll            |     4 |     6 |       ||    10
         Potion            |       |     5 |     3 ||     8
 Armour: Leather armour    |    42 |       |       ||    42
         Ring mail         |       |    44 |       ||    44
         Robe              |       |    28 |   111 ||   139
  Dodge: Dodged            |    48 |    79 |    91 ||   218

Table legend:
 A = Non-vault XP
 B = Vault XP
 C = Vault XP percentage of total XP
 D = Non-vault monster count
 E = Vault monster count
 F = Vault count percentage of total count
                 A         B        C        D         E       F
            +---------+---------+-------+---------+---------+-------
      Total |     969 |       3 |   0.3 |     111 |       2 |   1.8
            +---------+---------+-------+---------+---------+-------
        D:1 |      39 |       0 |   0.0 |      24 |       0 |   0.0
        D:2 |      65 |       3 |   4.4 |      22 |       2 |   8.3
        D:3 |     180 |       0 |   0.0 |      30 |       0 |   0.0
        D:4 |     551 |       0 |   0.0 |      27 |       0 |   0.0
        D:5 |     134 |       0 |   0.0 |       8 |       0 |   0.0
            +---------+---------+-------+---------+---------+-------
